 Dungeon Crawl Stone Soup version 0.17-a0-1393-gcb420ff (webtiles) character file.

1725 ololoev the Stinger (level 8, -4/52 HPs)
             Began as a Mummy Venom Mage on June 16, 2015.
             Was a Follower of Kikubaaqudgha.
             Slain by an orc warrior
             ... wielding a +0 glaive
              (13 damage)
             ... on level 6 of the Dungeon.
             The game lasted 00:24:00 (8582 turns).

ololoev the Stinger (Mummy Venom Mage)              Turns: 8582, Time: 00:24:00

Health: -4/52      AC:  5    Str: 11    XL:     8   Next: 75%
Magic:  14/14      EV: 11    Int: 17    God:    Kikubaaqudgha [*.....]
Gold:   270        SH:  0    Dex: 12    Spells: 2 memorised, 9 levels left

rFire  . . .     SeeInvis .     b - +2 dagger (speed)
rCold  + + .     Clarity  +     n - +0 leather armour {rC+}
rNeg   + + +     SustAt   .     (no shield)
rPois  ∞         Gourm    .     (no helmet)
rElec  .         Spirit   .     l - +0 cloak "Rodghas" {Regen+} (curse)
rCorr  .         Warding  .     j - +0 pair of gloves
rMut   .         Stasis   .     (no boots)
MR     ++...                    m - amulet of clarity
Stlth  +.........               k - ring of protection from fire
                                e - ring of protection from magic

@: very resistant to hostile enchantments, very unstealthy
A: no food or potions, fire vulnerability, cold resistance 1, negative energy
resistance 3, torment resistance, unbreathing
a: Receive Corpses, Renounce Religion


Innate Abilities, Weirdness & Mutations

You do not eat or drink.
Your flesh is vulnerable to fire.
You are immune to poison.
Your flesh is cold resistant.
You are immune to negative energy.
You are immune to unholy pain and torment.
You can survive without breathing.

Inventory:

Hand weapons
 a - a +1 dagger of venom
 b - a +2 dagger of speed (weapon)
Armour
 j - a +0 pair of gloves (worn)
 l - the cursed +0 cloak "Rodghas" (worn) {Regen+}
   (You bought it in a shop on level 4 of the Dungeon)

   It increases your rate of regeneration.
   It has a curse placed upon it.
 n - a +0 leather armour of cold resistance (worn)
Jewellery
 e - a ring of protection from magic (left hand)
 k - a ring of protection from fire (right hand)
 m - an amulet of clarity (around neck)
Magical devices
 r - a wand of draining (6)
Scrolls
 c - a scroll of remove curse
 d - 2 scrolls of fear
 f - 3 scrolls of recharging
 g - a scroll of noise {unknown}
 h - 3 scrolls of teleportation
 i - a scroll of immolation
 o - a scroll of enchant armour {unknown}
 q - a scroll of brand weapon
 s - a scroll of amnesia {unknown}
Books
 p - Kikubaaqudgha's Catalogue of Evil Secrets
   (Kikubaaqudgha gifted it to you on level 5 of the Dungeon)

   Spells                             Type                      Level
   a - Animate Skeleton               Necromancy                   1
   b - Pain                           Necromancy                   1
   c - Corpse Rot                     Necromancy                   2
   d - Vampiric Draining              Necromancy                   3
   e - Control Undead                 Necromancy                   4


   Skills:
 + Level 3.8 Short Blades
   Level 0.2 Maces & Flails
 - Level 1.5 Dodging
 - Level 1.5 Stealth
 + Level 4.6 Spellcasting
 * Level 5.0 Necromancy
 - Level 7.0 Poison Magic


You had 9 spell levels left.
You knew the following spells:

 Your Spells              Type           Power        Failure   Level  Hunger
b - Mephitic Cloud        Conj/Pois/Air  ##......     28%         3    N/A
c - Olgreb's Toxic Radia  Pois           ####....     12%         4    N/A


You were on level 6 of the Dungeon.
You worshipped Kikubaaqudgha.
Kikubaaqudgha was aware of your devotion.
You were not hungry.

You visited 2 branches of the dungeon, and saw 7 of its levels.

You collected 389 gold pieces.
You spent 119 gold pieces at shops.

##.#.##.#... ##
#.#.........
##.#######...>....#.
#.#(........##....##
#.############.#.##
#(# #.#.## #.#
#.#... #(#########
#+#### #.#@o...§.5.
#.###o######. #.#
##o# #.# #o. ## o..
.## ##

Notes
Turn   | Place    | Note
--------------------------------------------------------------
     0 | D:1      | ololoev the Mummy Venom Mage began the quest for the Orb.
     0 | D:1      | Reached XP level 1. HP: 13/13 MP: 3/3
   405 | D:1      | Reached XP level 2. HP: 13/19 MP: 0/5
  1186 | D:1      | Reached XP level 3. HP: 24/24 MP: 1/6
  1191 | D:1      | Learned a level 3 spell: Mephitic Cloud
  1360 | D:1      | Reached skill level 4 in Poison Magic
  2291 | D:2      | Reached XP level 4. HP: 23/30 MP: 3/8
  2343 | D:2      | Found an opulent altar of Gozag.
  3235 | D:3      | Learned a level 4 spell: Olgreb's Toxic Radiance
  3396 | D:3      | Noticed Jessica
  3406 | D:3      | Killed Jessica
  3406 | D:3      | Reached XP level 5. HP: 29/35 MP: 9/9
  4656 | D:4      | Reached skill level 5 in Poison Magic
  4786 | D:4      | Found a sparkling altar of Nemelex Xobeh.
  4786 | D:4      | Found a white marble altar of Elyvilon.
  5039 | D:4      | Reached XP level 6. HP: 11/41 MP: 7/11
  5272 | D:4      | Noticed an ogre
  5288 | D:4      | Killed an ogre
  5367 | D:4      | Found a shadowy altar of Dithmenos.
  5394 | D:4      | Found Kafe's Armour Boutique.
  5414 | D:4      | Bought the cursed +0 cloak "Rodghas" {Regen+} for 119 gold pieces
  5540 | D:4      | Reached skill level 6 in Poison Magic
  5612 | D:4      | Found a staircase to the Ecumenical Temple.
  5720 | Temple   | Entered the Ecumenical Temple
  5806 | Temple   | Became a worshipper of Kikubaaqudgha
  5919 | D:4      | Noticed an ogre
  5939 | D:4      | Killed an ogre
  5939 | D:4      | Reached skill level 1 in Short Blades
  5939 | D:4      | Reached XP level 7. HP: 28/46 MP: 1/12
  6309 | D:5      | Entered Level 5 of the Dungeon
  6364 | D:5      | Acquired Kikubaaqudgha's first power
  6364 | D:5      | Received a gift from Kikubaaqudgha
  6365 | D:5      | Identified Kikubaaqudgha's Catalogue of Evil Secrets (Kikubaaqudgha gifted it to you on level 5 of the Dungeon)
  6393 | D:4      | Reached skill level 7 in Poison Magic
  6479 | D:5      | Reached skill level 1 in Necromancy
  6540 | D:5      | Reached XP level 8. HP: 46/52 MP: 0/13
  6648 | D:5      | Found a glowing silver altar of Zin.
  8294 | D:6      | Reached skill level 5 in Necromancy
  8582 | D:6      | Slain by an orc warrior

Dungeon Overview and Level Annotations

Branches:
Dungeon (6/15)             Temple (1/1) D:4

Altars:
Dithmenos
Elyvilon
Fedhas
Gozag
Kikubaaqudgha
Makhleb
Nemelex Xobeh
Okawaru
Qazlal
Xom
Zin

Shops:
D:4 [


Message History

The crimson imp blinks!
An orc comes into view.
The orc shouts!
The crimson imp throws a stone.
The stone hits you but does no damage.
An orc comes into view. It is wielding a short sword of speed.
You see here a stone.
The crimson imp throws a stone.
The stone closely misses you.
An orc priest comes into view. It is wielding a short sword.
You see here a stone.
The orc priest moves out of view.
The crimson imp blinks!
You hit the orc but do no damage. The orc misses you.
An orc warrior comes into view. It is wielding a glaive.
You hit the orc but do no damage.
The orc hits you with a short sword of speed.
The crimson imp blinks!
You barely miss the orc. You hit the orc but do no damage.
The orc closely misses you.
You hit the orc.
The orc is moderately wounded.
You hit the orc.
The orc is moderately wounded.
You hit the orc but do no damage.
The orc is moderately wounded.
The orc closely misses you. The orc misses you.
You hit the orc but do no damage.
The orc is moderately wounded.
The crimson imp blinks!
You hit the orc but do no damage.
The orc is moderately wounded.
The orc warrior hits you from afar with a glaive!!
Ouch! That really hurt!
The orc closely misses you. The orc hits you.
An orc priest comes into view. It is wielding a club.
The orc priest shouts!
The crimson imp blinks!
The orc priest invokes the aid of Beogh against you.
Something smites you! The orc hits you but does no damage.
The orc warrior hits you from afar with a glaive!
You die...
Kikubaaqudgha rasps: "You have failed me!
Welcome... oblivion!"

You could see an orc warrior, 2 orc priests, a crimson imp and 2 orcs.

Vanquished Creatures
  An orc warrior (D:5)
  3 ogres
  A phantom (D:6)
  2 ice beasts (D:5)
  2 centaurs (D:5)
  A big kobold (D:5)
  A giant frog (D:6)
  A scorpion (D:4)
  2 hounds (D:4)
  3 orc priests
  A centaur skeleton (D:4)
  A jelly (D:5)
  A giant frog skeleton (D:4)
  Jessica (D:3)
  4 orc wizards
  2 worker ants (D:6)
  An iguana (D:5)
  A hound zombie (D:6)
  A hound skeleton (D:4)
  A worker ant zombie (D:6)
  3 gnolls
  8 adders
  6 oozes
  An adder skeleton (D:4)
  3 worms
  24 orcs
  2 ball pythons
  8 bats
  2 bat skeletons
  7 giant cockroaches
  9 hobgoblins
  12 jackals
  7 giant geckos
  3 giant newts
  9 goblins
  16 kobolds
  13 rats
164 creatures vanquished.

Action                   |  1- 3 |  4- 6 |  7- 9 || total
-------------------------+-------+-------+-------++-------
Melee: Spear             |    28 |       |       ||    28
       Dagger            |    51 |   152 |   304 ||   507
       Whip              |     7 |    16 |       ||    23
       Glaive            |     5 |    57 |       ||    62
 Cast: Sting             |    53 |    15 |       ||    68
       Mephitic Cloud    |       |     6 |     6 ||    12
       Olgreb's Toxic Ra |       |    13 |    19 ||    32
  Use: Scroll            |     3 |     2 |     3 ||     8
 Stab: Sleeping          |     1 |     1 |     2 ||     4
       Confused          |       |     2 |     3 ||     5

Vault maps used:
D:1:      scummos_arrival_simple_fountains
D:2:      grunt_gozag_statues
D:3:      minmay_cut_off, uniq_jessica
D:4:      gammafunk_temple_overflow_statue, minmay_temple_entry_nine_rooms,
          first_bread, serial_shops, shop, grunt_dithmenos_smoke
D:5:      basic_altar, guppyfry_early_orc_mine, uniq_menkaure
Temple:   circular_temple_pool_8
